 Dungeon Crawl Stone Soup version 0.22.0-6-g71bd7aa (webtiles) character file.

111 Lew the Chopper (level 4, -2/41 HPs)
             Began as a Hill Orc Fighter on Aug 14, 2018.
             Was an Initiate of Beogh.
             Slain by an orc priest
             ... wielding a +0 flail
              (5 damage)
             ... on level 3 of the Dungeon.
             The game lasted 00:05:53 (1974 turns).

Lew the Chopper (Hill Orc Fighter)                  Turns: 1974, Time: 00:05:53

Health: -2/41      AC:  8    Str: 18    XL:     4   Next: 92%
Magic:  13/13      EV:  7    Int:  8    God:    Beogh [......]
Gold:   124        SH:  9    Dex: 11    Spells: 3/3 levels left

rFire    . . .     SeeInvis .   a - +0 war axe
rCold    . . .     Gourm    .   c - +0 shield
rNeg     . . .     Faith    .   b - +0 scale mail
rPois    .         Spirit   .   (no helmet)
rElec    .         Reflect  .   (no cloak)
rCorr    .         Harm     .   (no gloves)
MR       .....                  h - +0 pair of boots
Stlth    ..........             (no amulet)
HPRegen  0.13/turn              s - ring of magical power
MPRegen  0.13/turn              o - ring of flight

@: hasted, very quick
A: no striking features
a: Renounce Religion, Evoke Flight


You were on level 3 of the Dungeon.
You worshipped Beogh.
Beogh was noncommittal.
You were not hungry.

You visited 1 branch of the dungeon, and saw 3 of its levels.

You collected 124 gold pieces.

Inventory:

Hand Weapons
 a - a +0 war axe (weapon)
Armour
 b - a +0 scale mail (worn)
 c - a +0 shield (worn)
 h - a +0 pair of boots (worn)
 q - a +0 large shield
Jewellery
 o - a ring of flight (right hand)
 s - a ring of magical power (left hand)
Wands
 r - a wand of iceblast (10)
Scrolls
 e - 2 scrolls of teleportation
 g - 3 scrolls of amnesia
 k - a scroll of fear
 l - a scroll of random uselessness {unknown}
 m - a scroll of blinking
Potions
 d - 2 potions of might
 i - a potion of haste
 n - a potion of flight
Comestibles
 f - 5 rations


   Skills:
 + Level 4.3 Fighting
 * Level 6.0 Axes
 - Level 3.2 Armour
 - Level 3.2 Shields


You had 3 spell levels left.
You didn't know any spells.
Your spell library was empty.

Dungeon Overview and Level Annotations

Branches:
Dungeon (3/15)

Altars:
Cheibriados
Ru


Message History

You block the orc priest's attack.
The orc priest splashes around in the water.
The orc priest hits you but does no damage.
The orc hits you with a flail!
* * * LOW HITPOINT WARNING * * *
You feel yourself speed up.
The orc priest hits you but does no damage.
The orc priest hits you.
* * * LOW HITPOINT WARNING * * *
You block the orc priest's attack.
You slash the orc priest!
The orc priest is almost dead.
You completely miss the orc priest. You closely miss the orc.
You barely miss the orc priest. You block the orc's attack.
The orc priest calls upon Beogh to heal the orc priest.
The orc priest is healed somewhat.
The orc priest hits you.
* * * LOW HITPOINT WARNING * * *
The orc priest hits you with a flail.
You die...
Beogh appreciates the orc priest's killing of a heretic priest.

#.# # #.# ### #.# #..
#.# #.# #.####.#
#############....#.###
###.....................
......o.....#####._..###
#.....o@#.#.# #....#
#.≈...oo#.#.# ##.#.#
#.......#.#.#### #.#.#
#.......#...##.###.#.#
#.......#..)..#.##.#.###
#.≈...≈.#.#...##.>......
#.......#.#...#.........
##.....##.#....#########
##.....##


You could see 3 orc priests and an orc.

Vanquished Creatures
  An orc wizard (D:3)
  An adder (D:2)
  An ooze (D:1)
  2 worms (D:2)
  2 dart slugs
  2 leopard geckos
  4 orcs (D:3)
  A ball python (D:2)
  2 giant cockroaches (D:1)
  5 goblins
  7 hobgoblins
  4 jackals (D:3)
  8 kobolds
  6 bats
  A frilled lizard (D:2)
  3 rats
  A plant (D:2)
51 creatures vanquished.

Notes
Turn   | Place    | Note
-------+----------+-------------------------------------------
     0 | D:1      | Lew the Hill Orc Fighter began the quest for the Orb.
     0 | D:1      | Reached XP level 1. HP: 19/19 MP: 1/1
    68 | D:1      | Reached skill level 3 in Axes
   174 | D:1      | Reached XP level 2. HP: 26/26 MP: 2/2
   258 | D:1      | Reached skill level 4 in Axes
   642 | D:2      | Reached XP level 3. HP: 14/31 MP: 3/3
   913 | D:2      | Reached skill level 5 in Axes
  1157 | D:2      | Found a sacrificial altar of Ru.
  1183 | D:2      | Reached XP level 4. HP: 36/40 MP: 4/4
  1791 | D:3      | Became a worshipper of Beogh the Brigand
  1842 | D:3      | Found a snail-covered altar of Cheibriados.
  1967 | D:3      | Reached skill level 6 in Axes
  1974 | D:3      | Slain by an orc priest

Skill      XL: |  1  2  3  4 |
---------------+-------------+-----
Axes           | 3 4 5 6 |  6.0
Fighting       | 4 |  4.3
Armour         | |  3.2
Shields        | |  3.2

Action                   |  1- 3 |  4- 6 || total
-------------------------+-------+-------++-------
Melee: War axe           |    75 |    75 ||   150
Invok: Convert to Beogh  |       |     1 ||     1
 Abil: Evoke Flight      |       |     1 ||     1
  Use: Scroll            |       |     8 ||     8
       Potion            |       |     4 ||     4
  Eat: Ration            |       |     1 ||     1
Armor: Scale mail        |    28 |    21 ||    49
Dodge: Dodged            |    23 |    11 ||    34
Block: Shield            |    47 |    20 ||    67
       Large shield      |       |    14 ||    14
